 Dungeon Crawl Stone Soup version 0.16-a0-3963-gf3423b3 (webtiles) character file.

30 ketsa the Grave Robber (level 3, 0/16 HPs)
             Began as a Vine Stalker Necromancer on Feb 10, 2015.
             Slain by a jackal (1 damage)
             ... on level 2 of the Dungeon.
             The game lasted 00:03:35 (861 turns).

ketsa the Grave Robber (Vine Stalker Necromancer)    Turns: 861, Time: 00:03:35

Health: 0/16       AC:  2    Str: 10    XL:     3   Next: 20%
Magic:  0/7        EV: 12    Int: 16    God:
Gold:   33         SH:  0    Dex: 14    Spells: 2 memorised, 5 levels left

rFire  . . .     SeeInvis .       - Unarmed
rCold  . . .     Clarity  .     a - +0 robe
rNeg   . . .     SustAb   .     (no shield)
rPois  .         Gourm    .     (no helmet)
rElec  .         Spirit   +     (no cloak)
rCorr  .         Warding  .     (no gloves)
rMut   .         Stasis   .     (no boots)
MR     .....                    (no amulet)
Stlth  ++........               (no ring)
                                (no ring)

@: not resistant to hostile enchantments, unstealthy
A: fangs 2, regeneration 1, magic shield, antimagic bite, no device heal 3, rot
immunity
a: no special abilities


You were on level 2 of the Dungeon.
You were not hungry.

You visited 1 branch of the dungeon, and saw 2 of its levels.

You collected 33 gold pieces.

Inventory:

Armour
 a - a +0 robe (worn)
 e - a +0 robe
 i - a +0 buckler
Scrolls
 g - a scroll of identify {unknown}
 h - a scroll of enchant weapon {unknown}
 j - 3 scrolls of teleportation {unknown}
Books
 b - a book of Necromancy

   Spells                             Type                      Level
   a - Pain                           Necromancy                   1
   b - Animate Skeleton               Necromancy                   1
   c - Vampiric Draining              Necromancy                   3
   d - Regeneration                   Charms/Necromancy            3
   e - Animate Dead                   Necromancy                   4
   f - Control Undead                 Necromancy                   4
Comestibles
 c - a bread ration
 d - a meat ration
 k - a chunk of flesh


   Skills:
 + Level 1.7 Dodging
 - Level 2.4 Stealth
 * Level 1.7 Unarmed Combat
 + Level 2.5 Spellcasting
 + Level 4.2 Necromancy


You had 5 spell levels left.
You knew the following spells:

 Your Spells              Type           Power        Failure   Level  Hunger
a - Pain                  Necr           ###.         4%          1    #......
b - Animate Skeleton      Necr           N/A          4%          1    #......


Dungeon Overview and Level Annotations

Branches:
Dungeon (2/15)

Altars:


Innate Abilities, Weirdness & Mutations

You have extremely sharp teeth.
Your natural rate of healing is unusually fast.
When hurt, damage is shared between your health and your magic reserves.
Your bite disrupts and absorbs the magic of your enemies.
Potions and wands cannot restore your health.
You are immune to rotting.


Message History

The adder is almost dead.
You hear a bark!
The adder barely misses you.
You hit the adder.
You kill the adder!
You have reached level 3!
Your experience leads to an increase in your attributes!
Increase (S)trength, (I)ntelligence, or (D)exterity?
You feel clever. The jackal closely misses you. The jackal misses you.
You barely miss the jackal. The jackal misses you.
A jackal comes into view.
You hit the jackal. You bite the jackal, but do no damage.
The jackal is severely wounded.
The jackal bites you.
* * * LOW HITPOINT WARNING * * *
You closely miss the jackal. You bite the jackal, but do no damage.
The jackal is severely wounded.
The jackal bites you.
You die...

..# #.#
##.## ...#
#..#
#.#####h.#
#......).#
########h#
#@#
#.......#
#.###.#.#
#. .# ..
.# #.# $#
.. .# ##.
##


You could see 2 jackals.

Vanquished Creatures
  An adder (D:2)
  A giant cockroach (D:1)
  4 goblins (D:1)
  4 hobgoblins (D:1)
  2 giant newts (D:1)
  2 kobolds (D:1)
  3 rats (D:1)
17 creatures vanquished.

Vanquished Creatures (collateral kills)
  A goblin (D:1)
  A hobgoblin (D:1)
  2 kobolds (D:1)
4 creatures vanquished.

Vanquished Creatures (others)
  A giant newt skeleton (D:1)
  A hobgoblin skeleton (D:1)
  A rat skeleton (D:1)
3 creatures vanquished.

Grand Total: 24 creatures vanquished

Notes
Turn   | Place    | Note
--------------------------------------------------------------
     0 | D:1      | ketsa, the Vine Stalker Necromancer, began the quest for the Orb.
     0 | D:1      | Reached XP level 1. HP: 9/9 MP: 3/3
   181 | D:1      | Reached skill level 1 in Unarmed Combat
   181 | D:1      | Reached XP level 2. HP: 4/13 MP: 0/5
   186 | D:1      | Learned a level 1 spell: Animate Skeleton
   858 | D:2      | Reached XP level 3. HP: 2/16 MP: 0/7
   861 | D:2      | Slain by a jackal

Action                   || total
-------------------------++-------
Melee: Unarmed           ||    50
 Cast: Pain              ||    19
       Animate Skeleton  ||     4
  Use: Potion            ||     1
